 Dungeon Crawl Stone Soup version 0.13.1-28-g3517093 (webtiles) character file.

2104 CrazyArbalest the Bolt Thrower (level 8, -4/56 HPs)
             Began as a Demonspawn Hunter on Mar 15, 2014.
             Was a Believer of Okawaru.
             Slain by an orc warrior
             ... wielding a -1,+0 orcish halberd
              (21 damage)
             ... on Level 6 of the Dungeon.
             The game lasted 00:48:31 (5478 turns).

CrazyArbalest the Bolt Thrower (Demonspawn Hunter)  Turns: 5478, Time: 00:48:31

HP  -4/56        AC  9     Str 14      XL: 8   Next: 73%
MP   5/7         EV 17     Int 12      God: Okawaru [**....]
Gold 399         SH  0     Dex 15      Spells:  0 memorised,  7 levels left

Res.Fire  : . . .   See Invis. : .   b - +1 crossbow
Res.Cold  : . . .   Warding    : .   F - +0 orc leather armour
Life Prot.: . . .   Conserve   : .   (no shield)
Res.Poison: .       Res.Corr.  : .   (no helmet)
Res.Elec. : .       Clarity    : .   x - +0 cloak
Sust.Abil.: . .     Spirit.Shd : .   s - +0 pair of gloves
Res.Mut.  : .       Stasis     : .   (no boots)
Res.Rott. : .       Flight     : .   (no amulet)
Saprovore : . . .                    (no ring)
                                     (no ring)

@: heroism, slightly resistant to hostile enchantments, quite stealthy
A: powered by death 2, AC +3
a: Heroism, Renounce Religion


You were on level 6 of the Dungeon.
You worshipped Okawaru.
Okawaru was pleased with you.
You were hungry.

You visited 2 branches of the dungeon, and saw 7 of its levels.

You collected 379 gold pieces.

Inventory:

Hand weapons
 a - a +2,+1 orcish flail
 b - a +1,+1 crossbow (weapon)
 d - a +0,+0 hammer
 w - a +0,+0 whip
 B - a +0,+0 mace
 I - a +0,+0 flail
 L - a +0,+0 whip
 N - a +0,+0 flail
 R - a +0,+1 orcish whip
 S - a +0,+1 orcish flail
 U - a +1,+0 orcish flail
 V - a -1,+1 orcish whip
Missiles
 c - 35 bolts (quivered)
Armour
 s - a +0 pair of gloves (worn)
 x - a +0 cloak (worn)
 F - a +0 orcish leather armour (worn)
Magical devices
 A - a wand of draining (4) {unknown}
 Q - a wand of lightning (4) {unknown}
Comestibles
 f - 2 bread rations
 g - 2 meat rations
 n - an apricot
 o - a rambutan
 r - 10 grapes
 z - an apple
 M - a rotting chunk of bat flesh
Scrolls
 e - 4 scrolls of teleportation
 h - 3 scrolls of fog {unknown}
 q - 2 scrolls of noise {unknown}
 y - a scroll of curse jewellery {unknown}
 C - a scroll of enchant weapon I {unknown}
 G - a scroll of enchant armour {unknown}
 H - a scroll of random uselessness
 K - a scroll of amnesia
 O - a scroll of immolation {unknown}
Jewellery
 i - an uncursed amulet of stasis {unknown}
 P - an uncursed ring of protection from magic {unknown}
Potions
 j - a potion of slowing {unknown}
 k - a potion of cure mutation {unknown}
 m - a potion of mutation {unknown}
 p - 2 potions of curing
 t - a potion of agility {unknown}
 v - 2 potions of restore abilities {unknown}
 E - a potion of paralysis {unknown}
 J - a potion of heal wounds {unknown}
Books
 l - a book of Power

   Spells                             Type                      Level
   Iskenderun's Mystic Blast          Conjuration                  4
   Venom Bolt                         Conjuration/Poison           5
   Bolt of Magma                      Conjuration/Fire/Earth       5
   Fulminant Prism                    Conjuration/Hexes            5
   Iron Shot                          Conjuration/Earth            6
   Orb of Destruction                 Conjuration                  7
 u - a book of the Dragon

   Spells                             Type                      Level
   Flight                             Charms/Air                   3
   Cause Fear                         Hexes                        4
   Bolt of Fire                       Conjuration/Fire             6
   Dragon Form                        Transmutation                7
   Summon Dragon                      Summoning                    9
 D - a book of Callings

   Spells                             Type                      Level
   Summon Small Mammal                Summoning                    1
   Call Imp                           Summoning                    2
   Call Canine Familiar               Summoning                    3
   Summon Scorpions                   Summoning/Poison             4
   Summon Ice Beast                   Ice/Summoning                4
 T - a book of Wizardry

   Spells                             Type                      Level
   Summon Elemental                   Summoning                    4
   Agony                              Necromancy                   5
   Force Lance                        Conjuration                  5
   Fireball                           Conjuration/Fire             5
   Haste                              Charms                       6
   Invisibility                       Hexes                        6


   Skills:
 + Level 1.8(6.8) Fighting
 * Level 4.3(9.3) Maces & Flails
 + Level 7.6(12.6) Crossbows
 + Level 2.9(7.9) Armour
 + Level 5.1(10.1) Dodging
 + Level 1.8(6.8) Stealth
 + Level 0.3 Invocations


You had 7 spell levels left.
You didn't know any spells.

Dungeon Overview and Level Annotations

Branches:
Dungeon (6/27)             Temple (1/1) D:5             Orc (0/4) D:6

Altars:
Ashenzari
Cheibriados
Elyvilon
Fedhas
Kikubaaqudgha
Makhleb
Nemelex Xobeh
Okawaru
Sif Muna
Trog
Vehumet
Xom
Yredelemnul
Zin
the Shining One


Innate Abilities, Weirdness & Mutations

You are mostly covered in yellow scales (AC +3).
You can steal the life force of defeated enemies.


Message History

You shoot a bolt. The bolt hits the orc.
You kill the orc!
Okawaru accepts your kill.
The orc warrior hits you from afar with an orcish halberd!
An orc and an orc priest come into view.
Firing (i - inventory):
c - 37 bolts (quivered)
Press: ? - help, Shift-Dir - straight line, f/p - orc warrior
Aim: an orc warrior, wielding an orcish halberd and wearing an orcish plate armour You shoot a bolt.
The bolt hits the orc.
You kill the orc!
Okawaru accepts your kill. The magic dart hits you!
The orc warrior hits you from afar with an orcish halberd!
* * * LOW HITPOINT WARNING * * *
Firing (i - inventory):
c - 36 bolts (quivered)
Press: ? - help, Shift-Dir - straight line, f/p - orc warrior
Aim: an orc warrior, wielding an orcish halberd and wearing an orcish plate armour You shoot a bolt.
The bolt hits the orc warrior.
The orc warrior hits you from afar with an orcish halberd!
You die...

##### ...... #####
######## ###...#####..
#......####.'.8.......8.
).........))#...#####.
#.........[.####@#
............# ##)o.#
#...........# oo.#
#...........# o..#
............# ###o#
#...........# #(.
#.......##### .
#.......### ...........


You could see an orc warrior, 2 orc priests and 2 orcs.

Vanquished Creatures
  An orc warrior (D:6)
  5 ogres
  2 centaurs (D:5)
  A sky beast (D:4)
  Sigmund (D:3)
  A manticore zombie (D:6)
  A crimson imp (D:5)
  2 orc priests (D:6)
  2 hounds
  5 orc wizards
  Crazy Yiuf (D:2)
  3 iguanas
  3 scorpions
  4 worker ants
  7 adders
  3 gnolls
  An inept feature mimic (D:2)
  A giant mite (D:4)
  A worm (D:4)
  A giant eyeball (D:5)
  5 giant geckos
  An ooze (D:5)
  16 orcs
  A bat skeleton (D:6)
  5 giant cockroaches
  9 hobgoblins
  7 jackals
  6 kobolds
  2 quokkas
  2 ball pythons
  8 bats
  4 giant newts
  11 goblins
  A hobgoblin skeleton (D:6)
  2 kobold skeletons
  A quokka skeleton (D:5)
  15 rats
142 creatures vanquished.

Notes
Turn   | Place    | Note
--------------------------------------------------------------
     0 | D:1      | CrazyArbalest, the Demonspawn Hunter, began the quest for the Orb.
     0 | D:1      | Reached XP level 1. HP: 16/16 MP: 0/0
   444 | D:1      | Reached skill level 1 in Stealth
   548 | D:2      | Reached skill level 4 in Crossbows
   549 | D:2      | Gained mutation: You can steal the life force of nearby defeated enemies. [demonic ancestry]
   549 | D:2      | Reached XP level 2. HP: 22/22 MP: 1/1
   883 | D:2      | Gained mutation: You are partially covered in yellow scales (AC +2). [demonic ancestry]
   883 | D:2      | Reached XP level 3. HP: 27/27 MP: 2/2
  1477 | D:3      | Reached skill level 1 in Maces & Flails
  1596 | D:3      | Noticed Sigmund
  1798 | D:3      | Reached XP level 4. HP: 33/33 MP: 3/3
  1873 | D:3      | Noticed an ogre
  1944 | D:3      | Reached skill level 1 in Armour
  2446 | D:3      | Killed Sigmund
  2446 | D:3      | Gained mutation: You can steal the life force of defeated enemies. [demonic ancestry]
  2446 | D:3      | Reached XP level 5. HP: 25/38 MP: 4/4
  2683 | D:2      | Noticed Crazy Yiuf
  2693 | D:2      | Killed Crazy Yiuf
  2836 | D:4      | Reached skill level 5 in Crossbows
  2850 | D:4      | Gained mutation: You are mostly covered in yellow scales (AC +3). [demonic ancestry]
  2850 | D:4      | Reached XP level 6. HP: 44/44 MP: 5/5
  3177 | D:4      | Noticed an ogre
  3426 | D:4      | Noticed a sky beast
  3433 | D:4      | Killed a sky beast
  3433 | D:4      | Reached XP level 7. HP: 50/50 MP: 6/6
  3806 | D:5      | Entered Level 5 of the Dungeon
  3815 | D:4      | Found a blossoming altar of Fedhas.
  3873 | D:5      | Found a staircase to the Ecumenical Temple.
  3883 | Temple   | Entered the Ecumenical Temple
  4038 | Temple   | Became a worshipper of Warmaster Okawaru
  4164 | D:4      | Killed an ogre
  4164 | D:4      | Reached skill level 6 in Crossbows
  4537 | D:5      | Acquired Okawaru's first power
  4706 | D:5      | Reached XP level 8. HP: 54/56 MP: 7/7
  5231 | D:6      | Reached skill level 7 in Crossbows
  5259 | D:6      | Reached skill level 5 in Dodging
  5466 | D:6      | Found a staircase to the Orcish Mines.
  5478 | D:6      | Slain by an orc warrior

Action                   |  1- 3 |  4- 6 |  7- 9 || total
-------------------------+-------+-------+-------++-------
Melee: Whip              |    93 |    68 |    28 ||   189
       Short sword       |    21 |       |       ||    21
       Flail             |       |       |    58 ||    58
 Fire: Crossbow          |    31 |    66 |   128 ||   225
Invok: Heroism           |       |       |     3 ||     3
  Use: Scroll            |     5 |     1 |     1 ||     7
       Potion            |     3 |       |       ||     3
 Stab: Sleeping          |       |       |     1 ||     1
